Map: Prion Terraces

Players

Arthas

  • Race: Zerg Zerg
  • League: Gold

jhun - Winner!

  • Race: Zerg Zerg
  • League: Platinum

VOD

Have the link to the VOD?

Description

Time

  • Played on: Jan. 13, 2016, 1:58 p.m.
  • Length: 18:22
Show
View Real Time Build Order
Export as new Build Order

Arthas Zerg 

Build Orders: Hatch First 

Get SALT Encoding   

  12  0:01  Drone  
  13  0:12  Overlord  
  13  0:17  Drone  
  14  0:31  Drone x2  
  14  0:34  Drone  
  17  0:54  Hatchery  
  16  0:57  Drone  
  16  1:01  Drone, Extractor  
  17  1:17  Spawning Pool  
  16  1:20  Drone  
  17  1:27  Drone  
  17  1:28  Drone  
  19  1:38  Overlord  
  19  1:49  Drone  
  20  2:05  Queen x2  
  20  2:06  Zergling x2  
  20  2:07  Zergling x2  
  26  2:11  Metabolic Boost  
  26  2:25  Baneling Nest  
  26  2:27  Spine Crawler  
  24  2:40  Zergling x8  
  27  2:58  Zergling x6  
  27  2:59  Zergling x2  
  29  3:10  Baneling x2  
  29  3:12  Zergling x4  
  30  3:32  Baneling x4  
  30  3:34  Zergling x12  
  31  3:40  Drone x2  
  32  3:58  Overlord  
  32  3:59  Zergling x6  
  34  4:13  Zergling x4  
  34  4:14  Zergling x2  
  35  4:31  Zergling x10  
  35  4:42  Drone  
  35  4:46  Roach Warren  
  29  5:04  Baneling x2  
  29  5:15  Zergling x2  
  29  5:16  Zergling x18  
  36  5:40  Drone  
  36  5:41  Drone x4  
  33  5:53  Zergling x2  
  33  5:54  Zergling x2  
  33  5:56  Baneling  
  35  6:01  Roach  
  35  6:02  Extractor  
  36  6:17  Baneling x2  
  36  6:27  Roach  
  36  6:28  Roach x2  
  38  6:52  Drone  
  38  6:53  Drone x4  
  43  6:55  Overlord x2  
  43  7:06  Evolution Chamber  
  42  7:09  Drone  
  43  7:19  Lair  
  43  7:21  Drone x3  
  46  7:25  Hatchery  
  45  7:32  Zerg Missile Weapons Level 1  
  45  7:44  Baneling x2  
  45  7:52  Drone x10  
  55  7:59  Overlord  
  55  8:11  Extractor  
  54  8:13  Roach x2  
  54  8:14  Overlord  
  58  8:27  Overlord x2  
  58  8:28  Glial Reconstitution  
  58  8:32  Queen  
  60  8:42  Roach x6  
  60  8:45  Ravager  
  60  8:46  Ravager x4  
  77  8:57  Roach x3  
  83  9:07  Roach  
  83  9:08  Roach x2  
  89  9:19  Overlord x2  
  89  9:36  Overlord x3  
  89  9:53  Roach x8  
  89  9:54  Overlord  
  89  9:55  Overlord  
  105  10:09  Roach x6  
  105  10:13  Ravager  
  118  10:22  Overlord x2  
  118  10:24  Roach x3  
  120  10:41  Roach x7  
  120  10:42  Roach  
  130  10:51  Ravager x2  
  132  10:59  Drone x2  
  132  11:00  Drone x6  
  125  11:27  Spore Crawler x2  
  125  11:28  Spore Crawler  
  125  11:29  Spore Crawler x2, Drone x5  
  125  11:30  Drone, Roach  
  125  11:31  Spore Crawler, Roach x4  
  121  11:39  Roach  
  118  11:40  Roach x3  
  76  11:54  Roach x7  
  86  12:02  Drone x3, Extractor  
  86  12:03  Hydralisk Den  
  86  12:06  Extractor  
  86  12:07  Extractor  
  85  12:13  Roach  
  85  12:14  Roach x4  
  95  12:26  Ravager  
  95  12:28  Spore Crawler, Ravager  
  96  12:30  Spore Crawler, Queen  
  97  12:45  Queen x2  
  101  12:57  Spore Crawler  
  100  12:59  Spore Crawler  
  100  13:00  Ravager x3  
  100  13:01  Spore Crawler  
  99  13:24  Hydralisk x4, Roach  
  89  13:37  Hydralisk x2  
  68  14:03  Muscular Augments  
  68  14:07  Zergling x18  
  68  14:08  Zergling x18  
  68  14:09  Hatchery  
  85  14:12  Extractor  
  85  14:13  Extractor  
  83  14:56  Queen x3  
  83  14:57  Hydralisk  
  83  14:58  Hydralisk x8  
  93  15:16  Hydralisk x3  
  81  15:35  Zerg Missile Weapons Level 2  
  81  15:37  Hydralisk  
  81  15:38  Hydralisk  
  85  15:50  Infestation Pit  
  85  15:54  Hydralisk x2  
  88  16:02  Hatchery  
  87  16:05  Extractor  
  87  16:06  Extractor  
  87  16:10  Zergling x12  
  87  16:11  Zergling x12  
  97  16:26  Hive  
  97  16:30  Extractor  
  97  16:31  Hatchery  
  95  16:35  Extractor  
  82  17:05  Hydralisk  
  82  17:06  Hydralisk x8  
  100  17:23  Drone x3  
  100  17:24  Drone  
  104  17:33  Spore Crawler x2  
  87  17:50  Roach  
  87  17:51  Roach x4  
  61  17:52  Zergling x2  
Show
View Real Time Build Order
Export as new Build Order

jhun Zerg - Winner!

Build Orders: Pool First, Zergling Baneling 

Get SALT Encoding   

  12  0:01  Drone  
  13  0:08  Drone  
  14  0:22  Extractor  
  14  0:23  Extractor  
  14  0:24  Drone x2  
  16  0:39  Spawning Pool  
  15  0:43  Extractor  
  15  0:46  Extractor  
  15  0:47  Drone  
  15  0:50  Overlord  
  15  1:14  Drone x3  
  18  1:26  Drone  
  19  1:33  Queen  
  19  1:34  Baneling Nest  
  19  1:37  Zergling x2  
  21  1:47  Zergling x2  
  22  2:10  Overlord  
  22  2:18  Hatchery  
  21  2:23  Zergling x2  
  21  2:28  Baneling x2  
  22  2:31  Baneling x2  
  22  2:40  Roach Warren, Drone x2  
  21  3:10  Baneling x2  
  21  3:17  Zergling x8  
  24  3:32  Roach  
  26  3:34  Queen  
  26  3:35  Drone  
  26  3:38  Baneling x2  
  26  3:39  Baneling x2  
  26  3:41  Roach  
  31  3:47  Roach x2  
  35  3:51  Drone  
  35  3:54  Overlord  
  32  4:15  Zergling x10  
  32  4:16  Zergling x2  
  34  4:21  Drone x2  
  27  4:33  Drone  
  25  4:41  Drone x2  
  27  4:53  Drone x4  
  31  5:04  Drone x2  
  33  5:08  Drone  
  33  5:09  Queen  
  33  5:12  Spine Crawler  
  35  5:14  Baneling  
  35  5:15  Baneling x6  
  31  5:56  Drone x3  
  31  5:57  Drone x4  
  36  6:02  Spine Crawler  
  37  6:05  Spine Crawler  
  37  6:07  Spine Crawler  
  37  6:08  Roach, Zergling x2  
  37  6:09  Roach  
  40  6:19  Drone x2, Spine Crawler  
  41  6:31  Roach  
  43  6:36  Hatchery  
  38  6:42  Overlord x3  
  38  6:51  Baneling  
  38  6:59  Roach  
  38  7:00  Roach x4  
  38  7:01  Roach  
  50  7:06  Drone x3  
  54  7:15  Ravager  
  54  7:21  Extractor  
  53  7:25  Extractor  
  53  7:26  Drone  
  53  7:27  Drone  
  54  7:34  Ravager  
  55  7:39  Zergling x8  
  59  7:48  Extractor  
  58  8:18  Lair  
  58  8:22  Spore Crawler, Roach  
  58  8:23  Overlord x2  
  59  8:38  Drone x7  
  59  8:39  Hatchery  
  65  8:46  Spore Crawler x2  
  63  8:48  Queen  
  63  8:49  Drone x3  
  63  8:52  Metabolic Boost  
  68  8:56  Roach x3  
  74  9:08  Roach  
  74  9:09  Roach x2  
  80  9:12  Drone x2  
  80  9:16  Overlord  
  80  9:17  Overlord x2  
  82  9:28  Spire  
  81  9:32  Extractor  
  81  9:35  Drone, Extractor  
  81  9:36  Drone  
  81  9:43  Drone x2  
  81  9:44  Drone  
  84  9:53  Drone  
  84  9:58  Drone  
  86  10:00  Drone x3  
  86  10:01  Drone x3  
  92  10:09  Drone, Queen  
  92  10:10  Drone  
  96  10:15  Overlord  
  94  10:42  Mutalisk x3  
  95  10:49  Mutalisk x5  
  99  10:50  Mutalisk x2  
  99  10:53  Mutalisk x3  
  115  10:59  Mutalisk  
  117  11:06  Drone x2  
  98  11:28  Mutalisk x4  
  91  11:39  Lair  
  87  11:51  Mutalisk x3  
  93  12:10  Hatchery  
  92  12:20  Hatchery  
  85  12:49  Hydralisk Den  
  84  12:51  Drone x4  
  84  12:52  Drone  
  87  13:20  Mutalisk x6  
  69  13:50  Queen  
  69  13:51  Drone x2  
  69  13:53  Lurker Den  
  73  14:01  Drone  
  74  14:05  Drone  
  74  14:06  Drone x5  
  80  14:22  Drone x3  
  83  14:31  Extractor  
  83  14:33  Extractor  
  83  14:34  Drone x3  
  84  14:55  Zergling x4  
  84  14:57  Hydralisk x4  
  94  15:05  Zergling x4  
  94  15:06  Zergling x6  
  88  15:27  Lurker x3  
  88  15:28  Lurker  
  92  15:29  Hydralisk x3  
  98  15:41  Spine Crawler  
  97  15:43  Spine Crawler  
  97  15:44  Hydralisk  
  97  15:45  Spine Crawler, Hydralisk x2  
  97  15:49  Hydralisk x3  
  107  16:09  Overlord  
  107  16:19  Overlord x3  
  107  16:24  Hatchery  
  107  16:25  Overlord x2  
  106  16:27  Queen  
  108  16:33  Lurker x4  
  108  16:34  Lurker x2  
  108  16:37  Lurker  
  115  16:40  Lurker x2  
  113  17:03  Drone, Queen  
  113  17:04  Drone x5  
  113  17:08  Hydralisk x3  
  127  17:30  Hatchery  
Tags
 
Add a new tag
Caveats
  • Supply blocks, unpowered buildings, or Contaminate may cause inaccurate times.
  • Supply counts are checked every 10 seconds.